 Dungeon Crawl Stone Soup version 0.17.1-3-g152610e (webtiles) character file.

1562 sveltemanboy the Poker (level 8, -2/58 HPs)
             Began as a Demonspawn Monk on Apr 14, 2016.
             Was a Believer of Qazlal.
             Killed from afar by an orc wizard (4 damage)
             ... with a magic dart
             ... on level 6 of the Dungeon.
             The game lasted 00:12:51 (4574 turns).

sveltemanboy the Poker (Demonspawn Monk)            Turns: 4574, Time: 00:12:51

Health: -2/58      AC:  5    Str: 14    XL:     8   Next: 58%
Magic:  3/3        EV: 13    Int: 12    God:    Qazlal [**....]
Gold:   245        SH:  3    Dex: 15    Spells: 0 memorised, 7 levels left

rFire  . . .     SeeInvis .     k - +4 spear (antimagic)
rCold  . . .     Clarity  .     a - +0 robe
rNeg   . . .     SustAt   .     (no shield)
rPois  +         Gourm    .     (helmet restricted)
rElec  .         Spirit   .     (no cloak)
rCorr  .         Warding  .     (no gloves)
rMut   .         Stasis   .     (no boots)
MR     +....                    (no amulet)
Stlth  ++........               s - ring of protection from magic
                                G - ring of poison resistance

@: somewhat resistant to hostile enchantments, unstealthy
A: antennae 2, slimy green scales 2, spiny 1
a: Upheaval, Renounce Religion


You were on level 6 of the Dungeon.
You worshipped Qazlal.
Qazlal was pleased with you.
You were hungry.

You visited 1 branch of the dungeon, and saw 6 of its levels.

You collected 245 gold pieces.

Inventory:

Hand Weapons
 k - a +4 antimagic spear (weapon)
Missiles
 n - 10 javelins (quivered)
Armour
 a - a +0 robe (worn)
 h - a +0 buckler
 B - a +0 chain mail
Jewellery
 o - an uncursed ring of flight
 s - a ring of protection from magic (right hand)
 G - a ring of poison resistance (left hand)
Wands
 u - a wand of cold (8)
 v - a wand of heal wounds (0)
 y - a wand of paralysis (5)
 D - a wand of disintegration (10)
 E - a wand of fireball (10)
Scrolls
 c - a scroll of magic mapping {unknown}
 d - 3 scrolls of noise {unknown}
 e - 2 scrolls of remove curse {unknown}
 j - a scroll of immolation {unknown}
 m - 3 scrolls of teleportation {unknown}
 p - a scroll of enchant weapon {unknown}
 r - 6 scrolls of identify {unknown}
 x - 2 scrolls of fog {unknown}
 z - 2 scrolls of blinking {unknown}
 A - a scroll of random uselessness {unknown}
Potions
 f - 2 potions of mutation {unknown}
 l - a potion of haste {unknown}
 q - 2 potions of curing {unknown}
 t - a potion of lignification {unknown}
 w - a potion of heal wounds {unknown}
 C - a potion of magic {unknown}
Comestibles
 b - 5 bread rations
 g - 4 meat rations
 i - a royal jelly


   Skills:
 - Level 3.0 Fighting
 * Level 6.5 Polearms
 - Level 3.3 Armour
 - Level 3.0 Dodging
 - Level 1.7 Stealth
 + Level 4.7 Shields
 - Level 3.6 Unarmed Combat
 + Level 5.0 Invocations


You had 7 spell levels left.
You didn't know any spells.

Dungeon Overview and Level Annotations

Branches:
Dungeon (6/15)             Temple (0/1) D:4

Altars:
Ashenzari
Qazlal
Trog
Xom
Zin


Innate Abilities, Weirdness & Mutations

You have a pair of antennae on your head.
You are mostly covered in slimy green scales (AC +3).
You are partially covered in sharp spines.


Message History

The orc warrior is moderately wounded.
The orc warrior closely misses you. The orc wizard hits you with a dagger.
You hit the orc warrior but do no damage.
The orc warrior is lightly wounded.
The orc wizard hits you but does no damage.
The orc warrior closely misses you.
Unknown command.
You don't have enough magic capacity.
You closely miss the orc warrior.
The orc warrior is lightly wounded.
The orc wizard hits you with a dagger.
The orc wizard is struck by your spines.
The orc wizard hits you with a dagger.
The orc warrior hits you with a hand axe!!
* * * LOW HITPOINT WARNING * * *
The orc wizard is struck by your spines.
The orc wizard barely misses you. The orc wizard casts a spell at you.
The magic dart hits you!
You die...

... ... ###.####.. #
##.....##.# #. #
#....$..#.###########.#
#.#.......#.........#....
#....._.............#.#.#
#......)#.........#....
#....o?.#.....>...#.#..
##..oo@##.........#.#.#
###o####..............
...{...........##....
#### #############.#.#
#.... ###.# #.# ..# ###


You could see an orc warrior, 2 orc wizards and an orc.

Vanquished Creatures
  The ghost of sveltemanboy the Chopper, a novice DsMo of Okawaru (D:6)
  The ghost of Charly the Insei, an amateur OpFi (D:5)
  Eustachio (D:5)
  A phantom (D:5)
  An ice beast (D:5)
  An ogre (D:4)
  A giant frog (D:6)
  Blork the orc (D:4)
  A crimson imp (D:5)
  A giant frog zombie (D:5)
  2 hounds
  2 orc wizards
  A giant frog skeleton (D:6)
  Natasha (thrice) (D:4)
  2 worker ants
  Robin (D:2)
  4 adders
  2 oozes
  2 worms
  10 orcs
  3 giant cockroaches
  10 goblins
  7 hobgoblins
  8 jackals
  6 kobolds
  A ball python (D:2)
  A ball python skeleton (D:4)
  7 bats
  5 giant geckos
  3 giant newts
  A quokka (D:6)
  A quokka skeleton (D:5)
  15 rats
107 creatures vanquished.

Notes
Turn   | Place    | Note
--------------------------------------------------------------
     0 | D:1      | sveltemanboy the Demonspawn Monk began the quest for the Orb.
     0 | D:1      | Reached XP level 1. HP: 18/18 MP: 1/1
   303 | D:1      | Reached skill level 1 in Armour
   312 | D:1      | Gained mutation: You are partially covered in sharp spines. [demonic ancestry]
   312 | D:1      | Reached XP level 2. HP: 24/24 MP: 2/2
   817 | D:2      | Noticed Robin
   823 | D:2      | Killed Robin
   823 | D:2      | Reached XP level 3. HP: 14/29 MP: 0/3
  1085 | D:2      | Reached skill level 1 in Shields
  1223 | D:2      | Gained mutation: You have a pair of small antennae on your head. [demonic ancestry]
  1223 | D:2      | Reached XP level 4. HP: 35/35 MP: 4/4
  1572 | D:3      | Reached skill level 1 in Polearms
  2228 | D:3      | Gained mutation: You have a pair of antennae on your head. [demonic ancestry]
  2228 | D:3      | Reached XP level 5. HP: 35/41 MP: 5/5
  2380 | D:4      | Noticed Blork the orc
  2399 | D:4      | Killed Blork the orc
  2510 | D:4      | Noticed a water elemental
  2656 | D:4      | Found a stormy altar of Qazlal.
  2657 | D:4      | Noticed a fire elemental
  2658 | D:4      | Noticed an air elemental
  2663 | D:4      | Became a worshipper of Qazlal Stormbringer
  2663 | D:4      | Reached * piety under Qazlal
  2663 | D:4      | Reached ** piety under Qazlal
  2666 | D:4      | Noticed Natasha
  2676 | D:4      | Killed Natasha
  2680 | D:4      | Noticed Natasha
  2683 | D:4      | Killed Natasha
  2693 | D:4      | Gained mutation: You are partially covered in slimy green scales (AC +2). [demonic ancestry]
  2693 | D:4      | Reached XP level 6. HP: 36/47 MP: 2/6
  2760 | D:4      | Noticed an ogre
  2769 | D:4      | Killed an ogre
  2802 | D:4      | Found a staircase to the Ecumenical Temple.
  2907 | D:4      | Noticed Natasha
  2908 | D:4      | Killed Natasha
  3179 | D:5      | Entered Level 5 of the Dungeon
  3268 | D:5      | Noticed Eustachio
  3280 | D:5      | Killed Eustachio
  3280 | D:5      | Reached skill level 4 in Polearms
  3280 | D:5      | Reached skill level 1 in Invocations
  3280 | D:5      | Gained mutation: You are mostly covered in slimy green scales (AC +3). [demonic ancestry]
  3280 | D:5      | Reached XP level 7. HP: 52/52 MP: 2/8
  3305 | D:5      | Noticed Charly's ghost (amateur OpFi)
  3316 | D:5      | Killed Charly's ghost
  3409 | D:5      | Found a shattered altar of Ashenzari.
  3411 | D:5      | Found a bloodstained altar of Trog.
  3550 | D:5      | Reached skill level 5 in Polearms
  3604 | D:5      | Found a shimmering altar of Xom.
  3863 | D:5      | Reached XP level 8. HP: 58/58 MP: 3/10
  3963 | D:6      | Noticed sveltemanboy's ghost (novice DsMo)
  3987 | D:6      | Killed sveltemanboy's ghost
  3987 | D:6      | Reached skill level 6 in Polearms
  4529 | D:6      | Reached skill level 5 in Invocations
  4558 | D:6      | Found a glowing silver altar of Zin.
  4573 | D:6      | HP: 2/58 [orc warrior/hand axe (21)]
  4574 | D:6      | Killed from afar by an orc wizard

Action                   |  1- 3 |  4- 6 |  7- 9 || total
-------------------------+-------+-------+-------++-------
Melee: Unarmed           |    63 |    63 |       ||   126
       Spear             |       |    41 |   114 ||   155
Throw: Javelin           |     9 |     4 |       ||    13
Evoke: Wand              |       |       |     1 ||     1
  Use: Potion            |     1 |       |       ||     1
 Stab: Sleeping          |     3 |     2 |       ||     5
       Distracted        |     2 |       |       ||     2
  Eat: Chunk             |     1 |     6 |     4 ||    11
